 Dungeon Crawl Stone Soup version 0.19.1 (webtiles) character file.

653 Milesaru the Covert (level 7, -7/52 HPs)
             Began as a Vampire Assassin on Nov 29, 2016.
             Mangled by Duvessa
             ... wielding a +2 short sword of electrocution
              (15 damage)
             ... on level 3 of the Dungeon.
             The game lasted 00:12:35 (3877 turns).

Milesaru the Covert (Vampire Assassin)              Turns: 3877, Time: 00:12:36

Health: -7/52      AC: 11    Str: 10    XL:     7   Next: 29%
Magic:  7/7        EV: 14    Int: 13    God:
Gold:   146        SH:  0    Dex: 18    Spells: 0 memorised, 6 levels left

rFire  . . .     SeeInvis +     n - +1 short sword (protect)
rCold  + . .     Gourm    .     c - +0 robe
rNeg   + + .     Faith    +     (no shield)
rPois  +         Spirit   .     u - +0 helmet
rElec  .         Reflect  .     d - +0 cloak
rCorr  .         Harm     .     (no gloves)
MR     .....                    (no boots)
Stlth  +++++.....               o - amulet of faith
                                (no ring)
                                q - ring of poison resistance

@: protection aura, regenerating slowly
A: fangs 3, see invisible, unbreathing
a: Bat Form


You were on level 3 of the Dungeon.
You were very thirsty.

You visited 1 branch of the dungeon, and saw 4 of its levels.

You collected 146 gold pieces.

Inventory:

Hand Weapons
 a - a +2 dagger
 b - a +0 blowgun
 n - a +1 short sword of protection (weapon)
Missiles
 e - 8 poisoned needles
 f - 2 curare-tipped needles
Armour
 c - a +0 robe (worn)
 d - a +0 cloak (worn)
 u - a +0 helmet (worn)
Jewellery
 o - an amulet of faith (around neck)
 q - a ring of poison resistance (left hand)
Scrolls
 h - a scroll of noise {unknown}
 i - 3 scrolls of teleportation {unknown}
 j - a scroll of enchant weapon {unknown}
 l - 5 scrolls of identify {unknown}
 s - 2 scrolls of remove curse {unknown}
 v - a scroll of fear {unknown}
Potions
 g - 18 potions of blood
 k - a potion of curing {unknown}
 m - a potion of cancellation {unknown}
 p - 2 potions of cure mutation {unknown}
 r - a potion of invisibility {unknown}
 t - a potion of heal wounds {unknown}


   Skills:
 + Level 3.5 Fighting
 * Level 5.7 Short Blades
 - Level 1.6 Throwing
 + Level 3.8 Dodging
 + Level 8.3 Stealth


You had 6 spell levels left.
You didn't know any spells.

Dungeon Overview and Level Annotations

Branches:
Dungeon (4/15)
 Temple: D:4-7

Altars:
Hepliaklqana
Nemelex Xobeh
Trog

Annotations:
D:3 Dowan; Duvessa
D:4 dscm's ghost, weakling OpEE


Innate Abilities, Weirdness & Mutations

You heal slowly.
You have razor-sharp teeth.
You have supernaturally acute eyesight. (SInv)
You can survive without breathing.


Message History

Duvessa hits you with a short sword of electrocution.
You hit Duvessa. You bite Duvessa, but do no damage.
Duvessa is lightly wounded.
Duvessa barely misses you.
You hit Duvessa.
Duvessa is moderately wounded.
Duvessa closely misses you.
You hit Duvessa but do no damage.
Duvessa is moderately wounded.
Duvessa hits you with a short sword of electrocution!
You are electrocuted!
Duvessa hits you with a short sword of electrocution.
You are electrocuted!
* * * LOW HITPOINT WARNING * * *
Dowan hits you but does no damage.
Dowan throws and catches a handful of magical flame, then smirks.
Duvessa hits you with a short sword of electrocution.
* * * LOW HITPOINT WARNING * * *
You are electrocuted!
You die...

##..##...##....#
##..####.####...#
#..##..#'#..##..#
#..##.......##..#
#...##.._..##...#
#.#..##...##..#.#
#.##..##.##.....# ###
#.###..###..##.### #..
#.....ee@........######..
#######.###########.....##..
#..............########..#..
##.####...####...## ##....
#..# ###.# ###..# #####
##.#####.#######.##########
##.........................
#.<...##.#######....#######
#####.##)# ####.#######


You could see Duvessa and Dowan.

Vanquished Creatures
  Sigmund (D:3)
  A phantom (D:4)
  An ogre (D:4)
  The ghost of kengeki the Firebug, an amateur HEFE (D:3)
  Jessica (D:2)
  An orc wizard (D:4)
  Robin (D:3)
  11 adders
  2 worms (D:2)
  A dart slug (D:3)
  3 leopard geckos
  12 orcs
  2 giant cockroaches
  14 goblins
  9 hobgoblins
  6 kobolds
  2 quokkas
  8 bats
  3 frilled lizards
  A rat (D:1)
81 creatures vanquished.

Notes
Turn   | Place    | Note
-------+----------+-------------------------------------------
     0 | D:1      | Milesaru the Vampire Assassin began the quest for the Orb.
     0 | D:1      | Reached XP level 1. HP: 16/16 MP: 1/1
    98 | D:1      | Reached skill level 6 in Stealth
   289 | D:1      | Reached XP level 2. HP: 21/22 MP: 2/2
   754 | D:2      | Found a faded altar of an unknown god.
   797 | D:2      | Reached XP level 3. HP: 9/27 MP: 3/3
  1358 | D:2      | Found a bloodstained altar of Trog.
  1504 | D:2      | Found a hazy altar of Hepliaklqana.
  1505 | D:2      | Noticed Jessica
  1509 | D:2      | Killed Jessica
  1509 | D:2      | Reached XP level 4. HP: 33/33 MP: 4/4
  1578 | D:3      | Noticed Robin
  1724 | D:3      | Reached skill level 7 in Stealth
  1821 | D:3      | Reached XP level 5. HP: 14/39 MP: 5/5
  2300 | D:3      | Killed Robin
  2526 | D:3      | Found a sparkling altar of Nemelex Xobeh.
  2659 | D:3      | Noticed kengeki's ghost (amateur HEFE)
  2683 | D:3      | Killed kengeki's ghost
  2744 | D:3      | Noticed Sigmund
  2756 | D:3      | Killed Sigmund
  2756 | D:3      | Reached skill level 5 in Short Blades
  2756 | D:3      | Reached XP level 6. HP: 41/47 MP: 6/6
  2931 | D:4      | Reached skill level 8 in Stealth
  3010 | D:4      | Reached XP level 7. HP: 52/52 MP: 7/7
  3104 | D:4      | Noticed Duvessa
  3106 | D:4      | Noticed Dowan
  3114 | D:4      | Noticed dscm's ghost (weakling OpEE)
  3877 | D:3      | Mangled by Duvessa

Skill      XL: |  1  2  3  4  5  6 |
---------------+-------------------+-----
Stealth        | 6 7 8 |  8.3
Short Blades   | 3 4 5 |  5.7
Fighting       | 2 3 |  3.5
Dodging        | 2 3 |  3.8
Throwing       | |  1.6

Action                   |  1- 3 |  4- 6 |  7- 9 || total
-------------------------+-------+-------+-------++-------
Melee: Dagger            |    26 |       |       ||    26
       Bite              |     4 |    14 |    10 ||    28
       Short sword       |    24 |   201 |    47 ||   272
 Abil: End Transformatio |       |     1 |     1 ||     2
       Bat Form          |       |     1 |     1 ||     2
  Use: Potion            |       |     1 |     2 ||     3
 Stab: Sleeping          |    13 |    11 |     2 ||    26
       Distracted        |     1 |     1 |       ||     2
Armor: Robe              |    14 |    75 |     9 ||    98
Dodge: Dodged            |    16 |   149 |    21 ||   186
